 Dungeon Crawl Stone Soup version 0.16.0-16-g311141a (webtiles) character file.

208438 timbw the Eclecticist (level 18, 0/121 HPs)
             Began as a Mummy Fire Elementalist on Mar 19, 2015.
             Was the Champion of Vehumet.
             Slain by an alligator (4 damage)
             ... on level 1 of the Swamp.
             The game lasted 02:40:44 (25438 turns).

timbw the Eclecticist (Mummy Fire Elementalist)    Turns: 25438, Time: 02:40:45

Health: 0/121      AC: 21    Str: 16    XL:     18   Next: 12%
Magic:  10/39      EV: 12    Int: 27    God:    Vehumet [******]
Gold:   1704       SH:  0    Dex:  9    Spells: 9 memorised, 7 levels left

rFire  . . .     SeeInvis +     h - +7 morningstar of Day {freeze, rF+ rC+ Str-4 Int+3 Dex-4}
rCold  + + .     Clarity  .     g - +5 ring mail "Ploolout" {rN++ Regen+}
rNeg   + + +     SustAb   .     (no shield)
rPois  ∞         Gourm    .     l - +0 helmet
rElec  +         Spirit   .     U - +2 cloak {+Inv}
rCorr  .         Warding  .     E - +2 pair of gloves {Str+3}
rMut   .         Stasis   .     p - +2 pair of boots {Stlth+}
MR     ++...                    j - amulet "Tyclen" {rElec Regen+ Str+6 Dex+5 Slay-2}
Stlth  +++.......               R - ring of Dishef {Wiz rN+ Int+4 Dex-4 SInv Stlth+}
                                k - ring of wizardry

@: delayed fireball, very resistant to hostile enchantments, fairly stealthy
A: no food or potions, fire vulnerability, in touch with death, restore body,
cold resistance 1, negative energy resistance 3, poison resistance, torment
resistance, unbreathing
a: Self-Restoration, Renounce Religion, Release Delayed Fireball, Evoke
Invisibility
}: 1/15 runes: serpentine


You were on level 1 of the Swamp.
You worshipped Vehumet.
Vehumet was exalted by your worship.
You were not hungry.

You visited 6 branches of the dungeon, and saw 32 of its levels.
You visited the Abyss 2 times.
You also visited: Ossuary and Ice Cave.

You collected 3165 gold pieces.
You spent 1461 gold pieces at shops.

Inventory:

Hand weapons
 h - the +7 morningstar of Day (weapon) {freeze, rF+ rC+ Str-4 Int+3 Dex-4}
   (You bought it in a shop on level 2 of the Elven Halls)

   It has been specially enchanted to freeze those struck by it, causing extra
   injury to most foes and up to half again as much damage against particularly
   susceptible opponents.
   It can also slow down cold-blooded creatures.
   It affects your strength (-4).
   It affects your intelligence (+3).
   It affects your dexterity (-4).
   It protects you from fire.
   It protects you from cold.
Armour
 g - the +5 ring mail "Ploolout" (worn) {rN++ Regen+}
   (You found it on level 4 of the Dungeon)

   It greatly protects you from negative energy.
   It increases your rate of regeneration.
 l - a +0 helmet (worn)
 p - a +2 pair of boots of stealth (worn)
 E - a +2 pair of gloves of strength (worn)
 Q - a +2 buckler
 U - a +2 cloak of invisibility (worn)
Rods
 J - a +3 rod of ignition (11/11)
   (You took it off a deep elf annihilator on level 3 of the Elven Halls)
Jewellery
 d - an uncursed ring of teleportation
 j - the amulet "Tyclen" (around neck) {rElec Regen+ Str+6 Dex+5 Slay-2}
   (You found it on level 4 of the Dungeon)

   [amulet of regeneration]

   It affects your strength (+6).
   It affects your dexterity (+5).
   It affects your accuracy and damage with ranged weapons and melee attacks
   (-2).
   It insulates you from electricity.
   It increases your rate of regeneration.
 k - a ring of wizardry (left hand)
 n - an uncursed ring of stealth
 s - an uncursed ring of ice
 v - an uncursed ring of ice
 H - an uncursed amulet of warding {unknown}
 I - an uncursed amulet of regeneration {unknown}
 K - an uncursed ring of sustain abilities
 P - an uncursed amulet of regeneration {unknown}
 R - the ring of Dishef (right hand) {Wiz rN+ Int+4 Dex-4 SInv Stlth+}
   (You took it off a deep elf fighter on level 3 of the Elven Halls)

   [ring of wizardry]

   It improves your spell success rate.
   It affects your intelligence (+4).
   It affects your dexterity (-4).
   It protects you from negative energy.
   It enhances your eyesight.
   It makes you more stealthy.
 T - a +4 ring of protection {unknown}
 X - an uncursed amulet of clarity
 Y - the ring "Uxixtal" {rPois rF- MP+9 Str+5 SInv}
   (You took it off a deep elf fighter on level 3 of the Elven Halls)

   [ring of poison resistance]

   It affects your strength (+5).
   It makes you vulnerable to fire.
   It protects you from poison.
   It affects your magic capacity (+9).
   It enhances your eyesight.
Magical devices
 w - a wand of cold (4)
 B - a wand of digging (1)
 D - a wand of teleportation (6)
 F - a wand of disintegration (0)
 N - a wand of enslavement (16)
 S - a wand of flame (20)
 W - a wand of draining (5)
Scrolls
 c - a scroll of holy word
 e - 5 scrolls of immolation
 f - a scroll of fear
 i - 10 scrolls of remove curse
 m - 2 scrolls of blinking
 q - 4 scrolls of magic mapping
 x - a scroll of vulnerability
 A - a scroll of torment
 M - 2 scrolls of recharging
 O - 2 scrolls of fog
 V - 2 scrolls of identify
 Z - 2 scrolls of teleportation
Books
 o - a book of Enchantments

   Spells                             Type                      Level
   a - Tukima's Dance                 Hexes                        3
   b - Cause Fear                     Hexes                        4
   c - Silence                        Hexes/Air                    5
   d - Deflect Missiles               Charms/Air                   6
   e - Haste                          Charms                       6
   f - Discord                        Hexes                        8
 r - a book of Death

   Spells                             Type                      Level
   a - Corpse Rot                     Necromancy                   2
   b - Sublimation of Blood           Necromancy                   2
   c - Agony                          Necromancy                   5
   d - Dispel Undead                  Necromancy                   5
   e - Excruciating Wounds            Charms/Necromancy            5
   f - Bolt of Draining               Conjuration/Necromancy       5
 u - a book of Control

   Spells                             Type                      Level
   a - Control Teleport               Charms/Translocation         4
   b - Control Undead                 Necromancy                   4
   c - Enslavement                    Hexes                        4
   d - Metabolic Englaciation         Hexes/Ice                    5
   e - Mass Confusion                 Hexes                        6
 y - a book of the Dragon

   Spells                             Type                      Level
   a - Flight                         Charms/Air                   3
   b - Cause Fear                     Hexes                        4
   c - Bolt of Fire                   Conjuration/Fire             6
   d - Dragon Form                    Transmutation                7
   e - Dragon's Call                  Summoning                    9
 z - a Grand Grimoire {highlevel}

   This book is beyond your current level of understanding.

   Spells                             Type                      Level
   a - Aura of Abjuration             Summoning                    6
   b - Summon Greater Demon           Summoning                    7
   c - Malign Gateway                 Summoning/Translocation      7
   d - Summon Horrible Things         Summoning                    8
 G - a book of the Earth

   Spells                             Type                      Level
   a - Leda's Liquefaction            Hexes/Earth                  4
   b - Bolt of Magma                  Conjuration/Fire/Earth       5
   c - Statue Form                    Transmutation/Earth          6
   d - Iron Shot                      Conjuration/Earth            6
   e - Shatter                        Earth                        9
 L - a book of the Tempests

   Spells                             Type                      Level
   a - Static Discharge               Conjuration/Air              3
   b - Lightning Bolt                 Conjuration/Air              5
   c - Fireball                       Conjuration/Fire             5
   d - Tornado                        Air                          9
   e - Shatter                        Earth                        9
Miscellaneous
 a - a box of beasts
 t - a stone of tremors
 C - a lamp of fire


   Skills:
 - Level 5.5 Fighting
 - Level 4.0 Armour
 - Level 4.4 Dodging
 - Level 1.5 Stealth
 + Level 15.2 Spellcasting
 + Level 14.1 Conjurations
 * Level 6.1 Charms
 + Level 14.3 Fire Magic
 - Level 5.7 Ice Magic
 - Level 5.8 Air Magic
 + Level 6.5 Evocations


You had 7 spell levels left.
You knew the following spells:

 Your Spells              Type           Power        Failure   Level  Hunger
a - Flame Tongue          Conj/Fire      #####        0%          1    N/A
b - Conjure Flame         Conj/Fire      #######.     1%          3    N/A
c - Sticky Flame          Conj/Fire      #######.     1%          4    N/A
d - Fireball              Conj/Fire      #######...   1%          5    N/A
e - Orb of Destruction    Conj           #######...   1%          7    N/A
f - Bolt of Fire          Conj/Fire      #######...   1%          6    N/A
g - Delayed Fireball      Conj/Fire      N/A          1%          7    N/A
h - Freezing Cloud        Conj/Ice/Air   ######....   3%          6    N/A
i - Haste                 Chrm           ######..     17%         6    N/A

Dungeon Overview and Level Annotations

Branches:
Dungeon (11/15)            Temple (0/1) D:7            Lair (8/8) D:9
  Swamp (1/5) Lair:5        Snake (5/5) Lair:4        Slime (0/6) Lair:6
    Orc (4/4) D:11            Elf (3/3) Orc:4

Altars:
Kikubaaqudgha
Makhleb
Qazlal
Trog
Vehumet
Beogh
Jiyva

Shops:
D:4 %   D:6 (   D:10 [   Orc:2 *   Orc:4 %:*[   Elf:2 (

Annotations:
D:8 Erolcha
Lair:7 Rupert


Innate Abilities, Weirdness & Mutations

You do not eat or drink.
Your flesh is vulnerable to fire.
You are in touch with the powers of death.
You can restore your body by infusing magical energy.
Your flesh is cold resistant.
You are immune to negative energy.
Your system is resistant to poisons.
You are immune to unholy pain and torment.
You can survive without breathing.


Message History

The very large slime creature is almost dead.
The alligator bites you!
* * * LOW HITPOINT WARNING * * *
The alligator tail-slaps you but does no damage.
The very large slime creature is engulfed in freezing vapours.
A very large slime creature splits.
The giant leech is engulfed in freezing vapours.
You kill the giant leech!
Vehumet accepts your kill. The alligator bites you.
* * * LOW HITPOINT WARNING * * *
The alligator tail-slaps you!
* * * LOW HITPOINT WARNING * * *
The large slime creature is engulfed in freezing vapours.
You kill the large slime creature!
Vehumet accepts your kill.
You feel your power returning. The alligator bites you!
* * * LOW HITPOINT WARNING * * *
The alligator tail-slaps you.
You die...

♣♣≈≈≈≈≈≈≈♣♣ ♣♣.≈≈≈ ♣.≈≈
♣≈.≈≈≈≈≈≈.♣ ♣..
♣♣♣.≈≈≈..♣♣ ♣♣....♣♣♣ ≈
♣...≈.♣ ..≈≈≈ ♣.≈...♣
♣.≈≈≈≈≈
♣♣♣≈..♣♣♣♣♣♣♣♣..≈≈≈≈
♣.......♣≈♣♣...≈≈..
♣..%≈≈..@.§♣§..≈≈...
♣♣..≈≈§.tJ§§§§≈≈..≈≈≈
♣♣♣≈..≈≈≈.≈≈§§§≈....≈≈≈.
♣.≈≈..≈≈≈≈≈..≈≈≈♣≈$≈≈≈≈.≈
♣.≈≈≈..≈≈≈♣≈..≈≈...≈≈≈≈≈≈
♣♣...♣≈..†.≈≈.§≈≈≈≈≈≈≈≈≈≈
♣♣♣♣≈♣♣♣..%≈≈...≈≈≈≈≈≈≈≈≈
♣♣ ♣...≈.≈...≈≈≈.≈≈≈≈
♣♣≈.≈.≈≈...≈≈.≈≈≈.


You could see an alligator and a slime creature.

Vanquished Creatures
  Saint Roka (Snake:4)
  Vashnia (Snake:3)
  4 deep elf master archers (Elf:3)
  Asterion (Orc:4)
  2 deep elf blademasters (Elf:3)
  2 tentacled starspawn
  Agnes (Swamp:1)
  Roxanne (Snake:5)
  7 greater nagas
  7 deep elf sorcerers (Elf:3)
  Aizul (Snake:1)
  Louise (Snake:4)
  An orc warlord (Orc:4)
  A stone giant (Orc:4)
  2 deep elf demonologists (Elf:3)
  6 deep elf annihilators (Elf:3)
  2 deep elf death magi
  Josephine (D:11)
  3 deep elf high priests (Elf:3)
  An ice dragon (Lair:8)
  3 alligators (Swamp:1)
  A catoblepas (Lair:7)
  16 naga warriors
  Erica (Orc:4)
  3 anacondas
  13 death yaks
  10 hydras
  6 orc high priests (Orc:4)
  7 shock serpents
  20 naga sharpshooters
  A wretched star (Abyss:1)
  A large abomination (Abyss:2)
  4 salamander mystics
  7 deep elf knights
  2 naga ritualists
  2 starcursed masses (Abyss:1)
  5 deep elf summoners
  An unseen horror (D:10)
  5 orc knights
  2 swamp dragons (Swamp:1)
  11 deep elf conjurers
  8 mana vipers
  A griffon (Lair:3)
  7 salamanders
  3 ugly things
  2 orc sorcerers
  A hornet (Lair:8)
  32 black mambas
  2 sixfirhies
  11 elephants
  2 worldbinders (Abyss:1)
  5 guardian serpents
  12 spiny frogs
  A smoke demon (Abyss:2)
  An apocalypse crab (Abyss:1)
  6 torpor snails (Lair:8)
  A freezing wraith (IceCv)
  22 naga magi
  3 komodo dragons
  4 fire drakes
  An ancient zyme (Abyss:2)
  A merfolk (Lair:3)
  7 deep elf priests
  4 giant leeches
  A red devil (Elf:3)
  3 two-headed ogres (Orc:4)
  4 trolls
  A bog body (Swamp:1)
  A baby alligator (shapeshifter) (Elf:3)
  2 slime creatures (Swamp:1)
  3 basilisks
  2 raiju
  A boulder beetle (Lair:4)
  A baby alligator (Lair:5)
  2 redbacks (Elf:3)
  3 spriggans (Swamp:1)
  40 yaks
  18 deep elf magi
  2 wraiths (D:11)
  18 blink frogs
  2 tarantellas
  Eustachio (Orc:2)
  19 deep elf fighters
  Grum (Orc:4)
  3 wyverns
  6 hippogriffs
  58 nagas
  8 wolves
  Edmund (D:4)
  A soldier ant (D:10)
  3 wargs
  2 swamp drakes
  A hungry ghost (D:6)
  4 insubstantial wisps (Swamp:1)
  A swamp worm (Swamp:1)
  A death yak simulacrum (IceCv)
  20 water moccasins
  8 porcupines
  A sky beast (D:11)
  14 ice beasts
  42 orc warriors
  7 wasps
  4 spiders (Lair:8)
  A black bear (Lair:1)
  An eye of draining (D:10)
  19 ogres
  A necrophage (D:11)
  3 boring beetles
  2 alligator simulacra (IceCv)
  A big kobold (D:9)
  14 crocodiles
  Duvessa (D:8)
  5 brain worms
  A giant frog (shapeshifter) (Elf:3)
  An elf zombie (Ossuary)
  5 giant frogs
  2 gnoll sergeants (Orc:4)
  A water moccasin zombie (D:8)
  A small abomination (Abyss:2)
  5 killer bees (D:10)
  2 scorpions
  Dowan (D:8)
  A crimson imp (D:8)
  A goliath beetle (D:9)
  2 centaur zombies (Ossuary)
  7 iguanas
  A quasit (Abyss:1)
  9 worker ants
  4 hounds
  2 human zombies (Ossuary)
  2 jellies
  21 orc priests
  A giant frog skeleton (D:11)
  A hell rat (Elf:1)
  23 orc wizards
  A wolf simulacrum (IceCv)
  10 sheep
  3 big kobold zombies (Ossuary)
  A hound skeleton (D:9)
  4 mummies
  2 gnolls
  56 river rats
  20 adders
  A shadow imp (D:3)
  5 white imps (IceCv)
  17 worms
  An ufetubus (Abyss:1)
  3 adder zombies (Ossuary)
  3 giant geckos
  269 orcs
  8 bats
  5 giant cockroaches
  27 goblins
  12 hobgoblins
  11 kobolds
  12 quokkas
  2 ball pythons (D:1)
  6 giant newts
  3 gnoll zombies (Ossuary)
  4 goblin zombies (Ossuary)
  4 hobgoblin zombies (Ossuary)
  3 jackals (D:1)
  2 jackal zombies (Ossuary)
  6 kobold zombies (Ossuary)
  3 quokka zombies (Ossuary)
  8 rats
  A rat zombie (Ossuary)
  7 ballistomycetes
  3 crawling corpses (Elf:3)
  5 fungi
  3 plants (Lair:8)
  2 starspawn tentacles
1289 creatures vanquished.

Vanquished Creatures (others)
  A naga mage (Snake:4)
  A deep elf fighter (Elf:3)
  A naga (Snake:5)
  2 orc warriors (Orc:4)
  A giant frog skeleton (D:10)
  3 orcs
  2 giant spores
  A crawling corpse (Elf:3)
  27 fungi
  6 plants (Lair:8)
  2 starspawn tentacles
  80 starspawn tentacle segments (Abyss:2)
127 creatures vanquished.

Grand Total: 1416 creatures vanquished

Notes
Turn   | Place    | Note
--------------------------------------------------------------
     0 | D:1      | timbw, the Mummy Fire Elementalist, began the quest for the Orb.
     0 | D:1      | Reached XP level 1. HP: 13/13 MP: 3/3
    65 | D:1      | Reached skill level 1 in Conjurations
   118 | D:1      | Reached XP level 2. HP: 10/19 MP: 1/4
   350 | D:1      | Reached XP level 3. HP: 5/24 MP: 1/6
   408 | D:1      | Learned a level 3 spell: Conjure Flame
   712 | D:1      | Reached skill level 3 in Fire Magic
  1139 | D:2      | Reached XP level 4. HP: 20/30 MP: 5/8
  1330 | D:3      | Learned a level 4 spell: Sticky Flame
  1551 | D:3      | Found a burning altar of Makhleb.
  1608 | D:4      | Found a bloodstained altar of Trog.
  1624 | D:4      | Noticed Edmund
  1651 | D:4      | Killed Edmund
  1651 | D:4      | Reached XP level 5. HP: 28/35 MP: 0/11
  1658 | D:4      | Got a jewelled ring mail
  1670 | D:4      | Identified the +5 ring mail "Ploolout" {rN++ Regen+} (You found it on level 4 of the Dungeon)
  1723 | D:4      | Found an ancient bone altar of Kikubaaqudgha.
  1726 | D:4      | Found a radiant altar of Vehumet.
  1733 | D:4      | Became a worshipper of Vehumet
  1772 | D:4      | Reached XP level 6. HP: 39/41 MP: 5/13
  1843 | D:4      | Reached skill level 4 in Fire Magic
  1855 | D:4      | Found Doiwuf's Food Shop.
  1857 | D:4      | Got a scorched golden amulet
  1858 | D:4      | Identified the amulet "Tyclen" {rElec Regen+ Str+6 Dex+5 Slay-2} (You found it on level 4 of the Dungeon)
  1954 | D:5      | Entered Level 5 of the Dungeon
  2014 | D:6      | Noticed a hungry ghost
  2037 | D:6      | Killed a hungry ghost
  2156 | D:6      | Reached XP level 7. HP: 46/46 MP: 9/17
  2174 | D:6      | Learned a level 5 spell: Fireball
  2211 | D:6      | Found Gyteyl's Weapon Shop.
  2266 | D:6      | Found a sand-covered staircase.
  2274 | Ossuary  | Entered an ossuary
  2423 | Ossuary  | Acquired Vehumet's first power
  2423 | Ossuary  | Offered knowledge of Freeze by Vehumet.
  2615 | D:6      | Reached skill level 5 in Spellcasting
  2680 | D:7      | Reached skill level 5 in Fire Magic
  2723 | D:7      | Found a staircase to the Ecumenical Temple.
  2750 | D:7      | Reached XP level 8. HP: 52/52 MP: 6/20
  3019 | D:8      | Offered knowledge of Magic Dart by Vehumet.
  3019 | D:8      | Reached skill level 5 in Conjurations
  3058 | D:8      | Found a stormy altar of Qazlal.
  3101 | D:8      | Noticed Duvessa
  3168 | D:8      | Noticed Dowan
  3174 | D:8      | Killed Duvessa
  3179 | D:8      | Killed Dowan
  3184 | D:8      | Noticed Erolcha
  3330 | D:9      | Reached skill level 6 in Spellcasting
  3548 | D:9      | Offered knowledge of Stone Arrow by Vehumet.
  3568 | D:9      | Reached XP level 9. HP: 57/57 MP: 10/23
  3592 | D:9      | Acquired Vehumet's second power
  3662 | D:9      | Found a staircase to the Lair.
  3696 | D:9      | Reached skill level 1 in Armour
  3810 | Lair:1   | Entered Level 1 of the Lair of Beasts
  3841 | Lair:2   | Offered knowledge of Iskenderun's Mystic Blast by Vehumet.
  3850 | Lair:2   | Learned a level 4 spell: Iskenderun's Mystic Blast
  3990 | Lair:2   | Reached skill level 7 in Spellcasting
  4029 | Lair:1   | Noticed a seven-headed hydra
  4036 | Lair:1   | Killed a seven-headed hydra
  4041 | Lair:1   | Got a shimmering great sword
  4063 | Lair:1   | Reached XP level 10. HP: 59/63 MP: 23/25
  4478 | Lair:2   | Identified a scroll of acquirement
  4615 | Lair:3   | Noticed a griffon
  4634 | Lair:3   | Killed a griffon
  4721 | Lair:3   | Noticed a siren
  4723 | Lair:3   | Noticed a siren
  4756 | Lair:4   | Acquired Vehumet's third power
  4770 | Lair:4   | Learned a level 5 spell: Bolt of Magma
  4810 | Lair:4   | Noticed an elephant
  4954 | Lair:3   | Offered knowledge of Lee's Rapid Deconstruction by Vehumet.
  5023 | Lair:4   | Found a frozen archway.
  5123 | IceCv    | Entered an ice cave
  5215 | IceCv    | Reached skill level 8 in Spellcasting
  5536 | Lair:4   | Noticed a seven-headed hydra
  5546 | Lair:4   | Killed a seven-headed hydra
  5546 | Lair:4   | Reached skill level 1 in Fighting
  5546 | Lair:4   | Reached XP level 11. HP: 68/71 MP: 13/27
  5569 | Lair:4   | Noticed an elephant
  5569 | Lair:4   | Noticed an elephant
  5570 | Lair:4   | Noticed an elephant
  5589 | Lair:4   | Killed an elephant
  5593 | Lair:4   | Killed an elephant
  5594 | Lair:4   | Killed an elephant
  5615 | Lair:4   | Killed an elephant
  5756 | Lair:4   | Found a staircase to the Snake Pit.
  5988 | Lair:4   | Noticed an eight-headed hydra
  6009 | Lair:4   | Killed an eight-headed hydra
  6011 | Lair:4   | Reached skill level 9 in Spellcasting
  6044 | Lair:4   | Offered knowledge of Delayed Fireball by Vehumet.
  6063 | Lair:4   | Learned a level 7 spell: Delayed Fireball
  6379 | Lair:4   | Noticed an elephant
  6380 | Lair:4   | Noticed an elephant
  6380 | Lair:4   | Noticed an elephant
  6382 | Lair:4   | Noticed an elephant
  6385 | Lair:4   | Noticed an elephant
  6387 | Lair:4   | Noticed an elephant
  6409 | Lair:4   | Killed an elephant
  6409 | Lair:4   | Reached skill level 5 in Fighting
  6420 | Lair:4   | Killed an elephant
  6452 | Lair:4   | Killed an elephant
  6472 | Lair:4   | Killed an elephant
  6485 | Lair:4   | Killed an elephant
  6485 | Lair:4   | Reached XP level 12. HP: 76/86 MP: 7/29
  6493 | Lair:4   | Killed an elephant
  6623 | Lair:5   | Noticed a four-headed hydra
  6649 | Lair:5   | Killed a four-headed hydra
  6835 | Lair:5   | Found a staircase to the Swamp.
  6961 | Lair:5   | Noticed a six-headed hydra
  6981 | Lair:5   | Killed a six-headed hydra
  6981 | Lair:5   | Reached skill level 10 in Spellcasting
  7193 | Lair:6   | Found a staircase to the Slime Pits.
  7194 | Lair:6   | Found a viscous altar of Jiyva.
  7504 | Lair:6   | Noticed a four-headed hydra
  7510 | Lair:6   | Killed a four-headed hydra
  7848 | Lair:6   | Offered knowledge of Freezing Cloud by Vehumet.
  7848 | Lair:6   | Reached skill level 10 in Fire Magic
  7859 | Lair:6   | Learned a level 6 spell: Freezing Cloud
  7905 | Lair:7   | Got a warped scale mail
  7919 | Lair:7   | Identified the +4 scale mail of Fallacy {rC- rN+ SInv} (You found it on level 7 of the Lair of Beasts)
  8109 | Lair:7   | Reached skill level 10 in Conjurations
  8167 | Lair:6   | Reached XP level 13. HP: 72/92 MP: 6/32
  8359 | Lair:7   | Reached skill level 11 in Spellcasting
  8502 | Lair:7   | Noticed Rupert
  8508 | Lair:7   | Noticed a four-headed hydra
  8520 | Lair:7   | Killed a four-headed hydra
  8551 | Lair:7   | Noticed a catoblepas
  8594 | Lair:7   | Killed a catoblepas
  8946 | Lair:8   | Entered Level 8 of the Lair of Beasts
  9181 | Lair:8   | Reached skill level 1 in Ice Magic
  9285 | Lair:7   | Reached skill level 1 in Air Magic
  9413 | Lair:8   | Offered knowledge of Orb of Destruction by Vehumet.
  9455 | Lair:8   | Learned a level 7 spell: Orb of Destruction
 10040 | Lair:8   | Found a runed door.
 10935 | Lair:8   | Reached XP level 14. HP: 55/98 MP: 20/33
 11508 | Lair:8   | Offered knowledge of Bolt of Fire by Vehumet.
 11723 | D:10     | Entered Level 10 of the Dungeon
 11906 | D:10     | Learned a level 6 spell: Bolt of Fire
 12220 | D:10     | Found Cruleutz's Antique Armour Boutique.
 12231 | D:10     | Bought a glowing robe for 23 gold pieces
 12231 | D:10     | Bought an embroidered robe for 23 gold pieces
 12404 | D:11     | Noticed Josephine
 12410 | D:11     | Killed Josephine
 12719 | D:11     | Found a staircase to the Orcish Mines.
 12805 | D:11     | Reached skill level 12 in Spellcasting
 12890 | Orc:1    | Entered Level 1 of the Orcish Mines
 12898 | Orc:1    | Offered knowledge of Ozocubu's Refrigeration by Vehumet.
 13447 | Orc:3    | Found a roughly hewn altar of Beogh.
 13529 | Orc:2    | Noticed Eustachio
 13530 | Orc:2    | Found Choc Dud's General Store.
 13534 | Orc:2    | Killed Eustachio
 13779 | Orc:4    | Entered Level 4 of the Orcish Mines
 13782 | Orc:4    | Reached skill level 5 in Air Magic
 13877 | Orc:4    | Reached skill level 5 in Ice Magic
 14007 | Orc:4    | Noticed Erica
 14014 | Orc:4    | Killed Erica
 14597 | Orc:4    | Noticed Grum
 14633 | Orc:4    | Killed Grum
 14882 | Orc:4    | Offered knowledge of Poison Arrow by Vehumet.
 15153 | Orc:4    | Noticed an orc warlord
 15172 | Orc:4    | Killed an orc warlord
 15269 | Orc:4    | Found a roughly hewn altar of Beogh.
 15565 | Orc:4    | Found Duelukko's Food Shop.
 15728 | Orc:4    | Found Roru Rad's Book Boutique.
 15844 | Orc:4    | Offered knowledge of Conjure Ball Lightning by Vehumet.
 15878 | Orc:4    | Found a roughly hewn altar of Beogh.
 16041 | Orc:4    | Found Esot's Armour Boutique.
 16045 | Orc:4    | Bought a +2 cloak of invisibility for 322 gold pieces
 16062 | Orc:4    | Found Warialil's General Store.
 16082 | Orc:4    | Bought a +2 pair of gloves of strength for 215 gold pieces
 16090 | Orc:4    | Bought a scroll of magic mapping for 35 gold pieces
 16189 | Orc:4    | Found a staircase to the Elven Halls.
 16218 | Elf:1    | Entered Level 1 of the Elven Halls
 16218 | Elf:1    | Noticed Asterion
 16226 | Orc:4    | Noticed a spectral weapon
 16229 | Orc:4    | Killed Asterion
 16353 | Orc:4    | Reached XP level 15. HP: 71/103 MP: 30/35
 16743 | Elf:2    | Found Viukkaw's Weapon Emporium.
 16751 | Elf:2    | Bought the +7 morningstar of Day {freeze, rF+ rC+ Str-4 Int+3 Dex-4} for 843 gold pieces
 16782 | Elf:3    | Entered Level 3 of the Elven Halls
 17220 | Elf:3    | Reached skill level 13 in Spellcasting
 17295 | Elf:3    | Noticed a deep elf blademaster
 17302 | Elf:3    | Killed a deep elf blademaster
 17379 | Elf:3    | Noticed a deep elf master archer
 17382 | Elf:3    | Killed a deep elf master archer
 17483 | Elf:3    | Noticed a deep elf blademaster
 17700 | Elf:3    | Noticed a deep elf master archer
 17705 | Elf:3    | Killed a deep elf master archer
 17732 | Elf:3    | Noticed a deep elf master archer
 17795 | Elf:3    | Killed a deep elf master archer
 17905 | Elf:3    | Killed a deep elf blademaster
 18129 | Elf:3    | Got a scintillating steel ring
 18150 | Elf:3    | Identified the ring "Uxixtal" {rPois rF- MP+9 Str+5 SInv} (You took it off a deep elf fighter on level 3 of the Elven Halls)
 18200 | Elf:3    | Cast into the Abyss (a deep elf sorcerer)
 18303 | Abyss:1  | Noticed a tentacled starspawn
 18308 | Abyss:1  | Killed a tentacled starspawn
 18492 | Abyss:2  | Noticed a tentacled starspawn
 18513 | Abyss:2  | Reached XP level 16. HP: 81/110 MP: 24/36
 18557 | Elf:3    | Escaped the Abyss
 18913 | Elf:3    | Cast into the Abyss (a deep elf sorcerer)
 18993 | Abyss:1  | Paralysed by you for 6 turns
 19017 | Abyss:1  | Noticed a bone dragon
 19147 | Abyss:1  | Noticed a lich
 19365 | Abyss:1  | Noticed a tentacled starspawn
 19522 | Abyss:2  | Noticed a tentacled starspawn
 19526 | Abyss:2  | Killed a tentacled starspawn
 19646 | Abyss:2  | Reached skill level 14 in Spellcasting
 19799 | Elf:3    | Escaped the Abyss
 19806 | Elf:3    | Offered knowledge of Fire Storm by Vehumet.
 19806 | Elf:3    | Offered knowledge of Glaciate by Vehumet.
 19806 | Elf:3    | Offered knowledge of Chain Lightning by Vehumet.
 19882 | Elf:3    | Noticed a deep elf master archer
 19886 | Elf:3    | Got a scintillating amber ring
 19889 | Elf:3    | Identified the ring of Dishef {Wiz rN+ Int+4 Dex-4 SInv Stlth+} (You took it off a deep elf fighter on level 3 of the Elven Halls)
 19896 | Elf:3    | Killed a deep elf master archer
 19968 | Elf:2    | Identified a +3 rod of ignition (11/11) (You took it off a deep elf annihilator on level 3 of the Elven Halls)
 20013 | Elf:2    | Reached skill level 1 in Evocations
 20534 | Snake:1  | Entered Level 1 of the Snake Pit
 20561 | Snake:1  | Noticed Aizul
 20596 | Snake:1  | Killed Aizul
 21109 | Snake:3  | Noticed Vashnia
 21261 | Snake:3  | HP: 5/110 [Vashnia/bolt (8)]
 21261 | Snake:3  | Killed Vashnia
 21923 | Snake:4  | Reached XP level 17. HP: 115/115 MP: 31/38
 21925 | Snake:4  | Noticed Saint Roka
 22006 | Snake:4  | Killed Saint Roka
 22326 | Snake:4  | Learned a level 6 spell: Haste
 22443 | Snake:4  | Reached skill level 1 in Charms
 22482 | Snake:4  | Noticed Louise
 22486 | Snake:4  | Killed Louise
 22509 | Snake:5  | Entered Level 5 of the Snake Pit
 22872 | Snake:5  | Found a runed door.
 23041 | Snake:5  | Reached skill level 5 in Evocations
 23205 | Snake:5  | Noticed Roxanne
 23431 | Snake:5  | Killed Roxanne
 23447 | Snake:5  | Reached skill level 15 in Spellcasting
 23860 | Snake:5  | Reached skill level 5 in Charms
 24667 | Snake:5  | Got a serpentine rune of Zot
 24955 | Swamp:1  | Entered Level 1 of the Swamp
 25120 | Swamp:1  | Noticed Agnes
 25127 | Swamp:1  | Killed Agnes
 25127 | Swamp:1  | Reached XP level 18. HP: 121/121 MP: 12/39
 25438 | Swamp:1  | HP: 4/121 [alligator (12)]
 25438 | Swamp:1  | Slain by an alligator

Action                   |  1- 3 |  4- 6 |  7- 9 | 10-12 | 13-15 | 16-18 || total
-------------------------+-------+-------+-------+-------+-------+-------++-------
Melee: Whip              |     6 |       |       |       |       |       ||     6
       Unarmed           |     1 |       |       |       |       |       ||     1
       Dagger            |    19 |    38 |   273 |   285 |  1018 |       ||  1633
       Morningstar       |       |       |       |       |    29 |   165 ||   194
Throw: Tomahawk          |       |       |       |     7 |       |       ||     7
 Cast: Flame Tongue      |    47 |    65 |   128 |    72 |    34 |     1 ||   347
       Conjure Flame     |     2 |     3 |     8 |    39 |    31 |     3 ||    86
       Sticky Flame      |       |       |    31 |   115 |   277 |    53 ||   476
       Fireball          |       |       |       |    44 |   106 |    46 ||   196
       Iskenderun's Myst |       |       |       |     4 |       |       ||     4
       Bolt of Magma     |       |       |       |       |    36 |       ||    36
       Delayed Fireball  |       |       |       |       |     3 |     1 ||     4
       Bolt of Fire      |       |       |       |       |    52 |    29 ||    81
       Freezing Cloud    |       |       |       |       |    37 |   103 ||   140
       Orb of Destructio |       |       |       |       |    13 |    90 ||   103
 Abil: Release Delayed F |       |       |       |       |     2 |     1 ||     3
Evoke: Wand              |       |       |       |     1 |     3 |     9 ||    13
  Use: Scroll            |       |     6 |     4 |     5 |     9 |     9 ||    33
 Stab: Distracted        |       |     1 |       |       |       |       ||     1
       Sleeping          |       |       |     4 |     5 |     4 |       ||    13
       Paralysed         |       |       |       |       |       |     2 ||     2
